 Dungeon Crawl Stone Soup version 0.24-a0-416-g56ce5178b7 (webtiles) character file.

Game seed: 13044105723703354547

156 Azzok the Shield-Bearer (level 5, -1/41 HPs)
             Began as a Formicid Fighter on June 9, 2019.
             Slain by a gnoll
             ... wielding a +0 halberd
              (5 damage)
             ... on level 3 of the Dungeon.
             The game lasted 00:04:41 (2667 turns).

Azzok the Shield-Bearer (Formicid Fighter)          Turns: 2667, Time: 00:04:42

Health: -1/41      AC:  8    Str: 20    XL:     5   Next: 64%
Magic:  5/5        EV:  8    Int:  7    God:
Gold:   154        SH: 10    Dex: 10    Spells: 4/4 levels left

rFire    . . .     SeeInvis +   a - +0 war axe
rCold    . . .     Gourm    .   c - +0 shield
rNeg     . . .     Faith    .   b - +0 scale mail
rPois    .         Spirit   .   (helmet unavailable)
rElec    .         Reflect  .   (no cloak)
rCorr    .         Harm     .   (no gloves)
MR       .....                  s - +0 pair of boots (curse)
Stlth    ..........             (no amulet)
HPRegen  0.13/turn              k - -2 ring of strength (curse)
MPRegen  0.09/turn              (no ring)

@: no status effects
A: permanent stasis, dig shafts and tunnels, four strong arms, antennae 3
a: Dig, Shaft Self


You were on level 3 of the Dungeon.
You were hungry.

You visited 1 branch of the dungeon, and saw 3 of its levels.

You collected 154 gold pieces.

Inventory:

Hand Weapons
 a - a +0 war axe (weapon)
Armour
 b - a +0 scale mail (worn)
 c - a +0 shield (worn)
 s - a cursed +0 pair of boots (worn)
Jewellery
 g - an uncursed ring of wizardry {unknown}
 k - a cursed -2 ring of strength (left hand)
 m - a +3 ring of evasion {unknown}
 p - an uncursed ring of see invisible {unknown}
Wands
 t - a wand of paralysis (3)
Scrolls
 h - a scroll of enchant weapon {unknown}
 i - 3 scrolls of remove curse {unknown}
 j - 4 scrolls of identify {unknown}
 l - 3 scrolls of teleportation {unknown}
 o - 3 scrolls of random uselessness {unknown}
 r - a scroll of magic mapping {unknown}
Potions
 d - 2 potions of might
 e - 4 potions of curing {unknown}
 n - a potion of brilliance {unknown}
Comestibles
 f - 5 rations


   Skills:
 - Level 3.2 Fighting
 + Level 4.0 Axes
 - Level 3.2 Armour
 + Level 5.6 Shields


You had 4 spell levels left.
You didn't know any spells.
Your spell library was empty.

Dungeon Overview and Level Annotations

Branches:
Dungeon (3/15)

Altars:
Nemelex Xobeh


Innate Abilities, Weirdness & Mutations

You cannot be hasted, slowed, berserked, paralysed or teleported.
You can dig through walls and to a lower floor.
Your four strong arms can wield two-handed weapons with a shield.
You have a pair of large antennae on your head. (SInv)


Message History

The gnoll closely misses you.
You hit the gnoll.
The gnoll is heavily wounded.
You block the gnoll's attack. x2
You hit the gnoll.
The gnoll is almost dead.
You barely miss the gnoll. The gnoll hits you with a +0 halberd!
You slash the gnoll!
The gnoll is almost dead.
The gnoll barely misses you.
You barely miss the gnoll.
The gnoll is almost dead.
You block the gnoll's attack.
The gnoll hits you from afar with a +0 halberd.
Your scale mail prevents you from hitting the gnoll.
The gnoll is almost dead.
The gnoll hits you with a +0 halberd!
* * * LOW HITPOINT WARNING * * *
The gnoll hits you from afar with a +0 halberd.
You die...

▒·▒ ▒·▒▒··g)·····
▒▒ ▒·▒
▒·▒▒▒▒·)·g··· ··
▒·▒ ▒·▒ ▒)······
▒·
▒·▒▒▒▒·▒▒▒▒▒···▒··
▒·
▒·▒·······▒▒▒·▒▒▒·
▒· ▒·▒·······▒ ▒·▒
▒· ▒·▒▒▒·▒·······▒
▒·▒ ▒·
▒··<···)······▒
▒·▒ ▒·
▒▒▒▒▒@▒·······▒
▒·▒ ▒·
▒··gg······▒ ▒·▒
▒·
▒···············
··
▒···▒▒▒▒·▒▒▒▒▒▒▒
▒▒ ▒··▒▒ ·▒ ▒··▒
·▒ ▒··▒ ▒··▒


You could see 2 gnolls.

Vanquished Creatures
  Ijyb (D:2)
  Natasha (thrice) (D:3)
  A gnoll (D:2)
  4 leopard geckos
  5 orcs
  5 bats
  2 giant cockroaches
  3 hobgoblins
  3 jackals (D:3)
  2 frilled lizards
  3 goblins
  A jackal skeleton (D:2)
  5 kobolds
  2 rats
40 creatures vanquished.

Notes
Turn   | Place    | Note
-------+----------+-------------------------------------------
     0 | D:1      | Azzok the Formicid Fighter began the quest for the Orb.
     0 | D:1      | Reached XP level 1. HP: 18/18 MP: 1/1
   108 | D:1      | Reached XP level 2. HP: 20/24 MP: 2/2
   112 | D:1      | Reached skill level 4 in Shields
  1510 | D:3      | Reached XP level 3. HP: 29/29 MP: 3/3
  1578 | D:3      | Found a faded altar of an unknown god.
  1603 | D:3      | Noticed Natasha
  1607 | D:3      | Killed Natasha
  1607 | D:3      | Reached XP level 4. HP: 24/35 MP: 4/4
  1780 | D:3      | Noticed Natasha
  1792 | D:3      | Killed Natasha
  1792 | D:3      | Reached skill level 5 in Shields
  2001 | D:3      | Noticed Natasha
  2158 | D:3      | Killed Natasha
  2158 | D:3      | Reached XP level 5. HP: 40/41 MP: 5/5
  2186 | D:3      | Found a sparkling altar of Nemelex Xobeh.
  2237 | D:3      | Noticed Ijyb
  2291 | D:2      | Killed Ijyb
  2349 | D:3      | HP: 2/41 [gnoll/+0 spear (7)]
  2667 | D:3      | Slain by a gnoll

Levels and vault maps discovered:
D:1:      dpeg_arrival_orchard, layout_loops_ring
D:2:      layout_basic, first_ration, minmay_misc_feat_room
D:3:      layout_loops_ring, nicolae_overflow_hidden_temple,
          chequers_ecumenical_altar_grove, uniq_natasha, uniq_ijyb

Skill      XL: |  1  2  3  4  5 |
---------------+----------------+-----
Shields        | 4 5 |  5.6
Axes           | 3 4 |  4.0
Fighting       | |  3.2
Armour         | |  3.2

Action                   |  1- 3 |  4- 6 || total
-------------------------+-------+-------++-------
Melee: War axe           |    68 |    73 ||   141
  Eat: Chunk             |     2 |     3 ||     5
Armor: Scale mail        |    29 |    25 ||    54
Dodge: Dodged            |    29 |    26 ||    55
Block: Shield            |    38 |    51 ||    89

Table legend:
 A = Non-vault XP
 B = Vault XP
 C = Vault XP percentage of total XP
 D = Non-vault monster count
 E = Vault monster count
 F = Vault count percentage of total count
                 A         B        C        D         E       F
            +---------+---------+-------+---------+---------+-------
      Total |     151 |      72 |  32.3 |      38 |       2 |   5.0
            +---------+---------+-------+---------+---------+-------
        D:1 |      16 |       0 |   0.0 |       9 |       0 |   0.0
        D:2 |      28 |      36 |  56.2 |      11 |       1 |   8.3
        D:3 |     107 |      36 |  25.2 |      18 |       1 |   5.3
            +---------+---------+-------+---------+---------+-------
